 Dungeon Crawl Stone Soup version 0.30.0-5-g1a98f26d00 (webtiles) character file.

Game seed: 921796209026795017

195 RascalDebosk the Magician (level 6, -3/42 HPs)
             Began as a Djinni Fire Elementalist on May 11, 2023.
             Was an Initiate of Ashenzari.
             Slain by a fire bat (5 damage)
             ... on level 3 of the Dungeon.
             The game lasted 00:16:41 (2656 turns).

RascalDebosk the Magician (DjFE)                    Turns: 2656, Time: 00:16:42

Health: -3/42      AC:  3    Str:  7    XL:     6   Next: 4%
Gold:   123        EV: 12    Int: 18    God:    Ashenzari [......] SH:  0 Dex: 14

rFire   + + .        s - +2 dagger (protect)
rCold   x . .        (no shield)
rNeg    . . .        a - +0 robe
rPois   ∞            (no helmet)
rElec   .            (no cloak)
rCorr   .            i - +0 pair of gloves
SInv    .            (boots unavailable)
Will    .....        (no amulet)
Stlth   ++           (no ring)
HPRegen 0.27/turn    (no ring)
MPRegen 0.00/turn

%: infuse magic (-4 HP)
@: flying
A: sickness immunity, fire resistance 2, cold vulnerability 1, float, innate
caster, HP casting, extra vitality 1
a: Renounce Religion, Curse Item


You were on level 3 of the Dungeon.
You worshipped Ashenzari.
Ashenzari was noncommittal.
You visited 1 branch of the dungeon, and saw 3 of its levels.

You collected 123 gold pieces.

Inventory:

Hand Weapons
 k - a +0 long sword
 s - a +2 dagger of protection (weapon)
Armour
 a - a +0 robe (worn)
 i - a +0 pair of gloves (worn)
Wands
 u - a wand of charming (8)
Scrolls
 b - a scroll of amnesia {unknown}
 g - a scroll of poison {unknown}
 h - a scroll of magic mapping {unknown}
 j - 3 scrolls of immolation
 l - a scroll of identify {unknown}
 o - a scroll of enchant armour {unknown}
 t - a scroll of vulnerability {unknown}
 w - a scroll of enchant weapon
 y - a scroll of fog {unknown}
Potions
 c - a potion of brilliance {unknown}
 d - 5 potions of flight {unknown}
 e - a potion of might {unknown}
 f - a potion of mutation {unknown}
 m - a potion of curing {unknown}
 n - 2 potions of degeneration {unknown}
 p - a potion of lignification {unknown}
 q - a potion of berserk rage {unknown}
 r - 2 potions of magic {unknown}
 v - a potion of attraction {unknown}
 x - 2 potions of heal wounds {unknown}


   Skills:
 * Level 1.6 Fighting
 + Level 1.1 Armour
 - Level 2.1 Dodging
 - Level 1.5 Stealth
 * Level 4.2 Spellcasting
 + Level 1.1 Evocations


You knew the following spells:

 Your Spells              Type           Power      Damage    Failure   Level
a - Foxfire               Conj/Fire      76%        2x1d7     2%          1
b - Scorch                Fire           38%        2d6       3%          2
c - Volatile Blastmotes   Fire/Tloc      38%        2d13      8%          3
d - Inner Flame           Hex/Fire       19%        N/A       8%          3
e - Flame Wave            Conj/Fire      19%        2d7       24%         4
f - Beastly Appendage     Tmut           38%        N/A       2%          1
g - Wereblood             Tmut           19%        N/A       3%          2
Your spell library was empty.

Dungeon Overview and Level Annotations

Branches:
Dungeon (3/15)

Altars:
Ashenzari
Wu Jian


Innate Abilities, Weirdness & Mutations

You are immune to sickness and miasma.
You are immune to poison.
Your flesh is very heat resistant. (rF++)
You are vulnerable to cold. (rC-)
You float through the air rather than walking.
You learn spells naturally, not from books.
Your magical power is your life essence.
You have superior vitality. (+4 MHP)


Message History

The skeletal bat barely misses you.
The fire bat bites you but does no damage.
The skeletal bat hits you but does no damage.
The skeletal bat completely misses you.
You closely miss the skeletal bat.
The skeletal bat is severely damaged.
The skeletal bat hits you but does no damage. x2
The fire bat bites you but does no damage.
The skeletal bat hits you but does no damage.
The fire bat closely misses you. The fire bat bites you.
* * * LOW HITPOINT WARNING * * *
You are engulfed in flames.
You resist.
You hit the skeletal bat but do no damage.
The skeletal bat is severely damaged.
The skeletal bat hits you but does no damage.
The fire bat barely misses you.
The fire bat bites you but does no damage.
The skeletal bat misses you.
The skeletal bat hits you but does no damage.
You hit the skeletal bat.
You destroy the skeletal bat!
The fire bat barely misses you. The fire bat misses you.
A skeletal bat comes into view.
The fire bat bites you.
* * * LOW HITPOINT WARNING * * *
You are engulfed in flames.
You resist. The skeletal bat misses you.
The skeletal bat hits you but does no damage.
The skeletal bat moves out of view.
You hit the skeletal bat.
You destroy the skeletal bat!
The fire bat closely misses you.
The fire bat bites you but does no damage.
You closely miss the fire bat. The fire bat misses you.
The fire bat bites you but does no damage.
You barely miss the skeletal bat. The skeletal bat barely misses you.
The fire bat closely misses you.
The skeletal bat hits you but does no damage.
The fire bat bites you.
* * * LOW HITPOINT WARNING * * *
You are engulfed in flames.
You resist.
A vampire bat comes into view.
The skeletal bat closely misses you.
The vampire bat moves out of view.
You hit the skeletal bat.
The skeletal bat is heavily damaged.
The skeletal bat closely misses you. The fire bat closely misses you.
The skeletal bat misses you. The fire bat closely misses you.
The skeletal bat hits you but does no damage.
Unknown command.
You hit the skeletal bat.
The skeletal bat is almost destroyed.
The skeletal bat barely misses you. The fire bat misses you.
The skeletal bat hits you but does no damage. x2
The fire bat closely misses you. The fire bat barely misses you.
You hit the skeletal bat.
You destroy the skeletal bat!
The fire bat bites you but does no damage.
The fire bat completely misses you.
The vampire bat bites you but does no damage. x2
Unknown command.
You hit the vampire bat.
The vampire bat is moderately damaged.
The vampire bat bites you but does no damage.
The fire bat barely misses you. The fire bat closely misses you.
A fire bat comes into view.
Found 4 gold pieces.
The fire bat bites you.
* * * LOW HITPOINT WARNING * * *
You are engulfed in flames.
You resist.
A ghost-faced bat comes into view.
The vampire bat bites you.
* * * LOW HITPOINT WARNING * * *
The fire bat bites you but does no damage.
The fire bat barely misses you.
The ghost-faced bat moves out of view.
You closely miss the fire bat. The fire bat barely misses you.
The fire bat bites you but does no damage.
The vampire bat bites you but does no damage.
You hit the fire bat.
The fire bat is moderately wounded.
The vampire bat closely misses you. The fire bat barely misses you.
The fire bat bites you but does no damage.
The vampire bat bites you but does no damage.
The fire bat closely misses you. The fire bat barely misses you.
The vampire bat misses you.
You barely miss the fire bat.
The fire bat is moderately wounded.
The fire bat barely misses you. The fire bat completely misses you.
The fire bat barely misses you. The vampire bat closely misses you.
The fire bat barely misses you.
You barely miss the fire bat.
The fire bat is moderately wounded.
The fire bat bites you but does no damage.
The fire bat closely misses you.
The fire bat bites you but does no damage.
The vampire bat bites you but does no damage.
The fire bat closely misses you. The fire bat bites you.
* * * LOW HITPOINT WARNING * * *
You are engulfed in flames.
You resist. The fire bat completely misses you.
You miss the fire bat.
The fire bat is moderately wounded.
The fire bat barely misses you. The fire bat bites you.
You die...

#. #.##..# #.# .#
#.†.###### #.#
##.#
##..†#...###.####
#...
#.##.#####>.....
#.$.# ##.###.##
#######
#.b.##.###...#
#..#b.# ##..#
#..b## ######
###@# #.### ##b#
#...##### #..
#.#...... #...
#.####### ..Z#
#.# .## #.## ####
# #..###...
###.....##
##....####


You could see a ghost-faced bat (wandering), 3 fire bats and a vampire bat.

Vanquished Creatures
  Ijyb (D:3)
  An adder (D:2)
  A worm (D:2)
  A dart slug (D:3)
  3 orcs (D:3)
  A spectral bat (D:3)
  8 ball pythons
  3 bat skeletons (D:3)
  A bat zombie (D:3)
  11 endoplasms
  12 giant cockroaches
  5 goblins
  7 hobgoblins
  2 jackals (D:1)
  6 kobolds
  A quokka (D:2)
  13 bats
  A bat simulacrum (D:3)
  A frilled lizard (D:2)
  4 rats
83 creatures vanquished.

Vanquished Creatures (others)
  250 foxfires
250 creatures vanquished.

Grand Total: 333 creatures vanquished

Notes
Turn   | Place    | Note
-------+----------+-------------------------------------------
     0 | D:1      | RascalDebosk the Djinni Fire Elementalist began the quest
                  | for the Orb.
     0 | D:1      | RascalDebosk set off with the following spells memorised:
                  | Foxfire, Scorch, Volatile Blastmotes, Inner Flame, Flame
                  | Wave.
     0 | D:1      | Reached XP level 1. HP: 15/15 MP: 0/0
   235 | D:1      | Reached XP level 2. HP: 17/21 MP: 0/0
   284 | D:1      | Reached skill level 3 in Spellcasting
   459 | D:1      | Reached XP level 3. HP: 19/25 MP: 0/0
   459 | D:1      | Learned a level 1 spell: Beastly Appendage
  1084 | D:2      | Reached XP level 4. HP: 27/31 MP: 0/0
  1715 | D:2      | Found a broken altar of Ashenzari.
  1723 | D:2      | Became a worshipper of Ashenzari the Shackled
  1791 | D:3      | Reached skill level 4 in Spellcasting
  1946 | D:3      | Found an ornate altar of the Wu Jian Council.
  2013 | D:3      | Noticed Ijyb
  2022 | D:3      | Killed Ijyb
  2023 | D:3      | Reached XP level 5. HP: 27/36 MP: 0/0
  2023 | D:3      | Learned a level 2 spell: Wereblood
  2500 | D:3      | Reached skill level 1 in Fighting
  2576 | D:3      | Reached skill level 1 in Armour
  2576 | D:3      | Reached skill level 1 in Evocations
  2635 | D:3      | Reached XP level 6. HP: 20/42 MP: 0/0
  2650 | D:3      | HP: 2/42 [vampire bat (3)]
  2655 | D:3      | HP: 2/42 [fire bat (2)]
  2656 | D:3      | Slain by a fire bat

Illustrated notes

Levels and vault maps discovered:
D:1:      minmay_arrival_cross, layout_loops_ring, serial_park_tiny_pond
D:2:      minmay_roachtagon, layout_loops_cross, basic_altar,
          kennysheep_generic_room_10
D:3:      layout_rooms, nicolae_wu_jian_wuxing_cycle, roderic_lattice_a,
          hangedman_glass_teeth, goddamned_bats, uniq_ijyb

Skill      XL: |  1  2  3  4  5 |
---------------+----------------+-----
Spellcasting   | 3 4 |  4.2
Fighting       | 1 |  1.6
Armour         | 1 |  1.1
Evocations     | 1 |  1.1
Dodging        | |  2.1
Stealth        | |  1.5

Action                     |  1- 3 |  4- 6 || total
---------------------------+-------+-------++-------
  Melee: Unarmed           |     2 |       ||     2
         Dagger            |       |    16 ||    16
   Cast: Foxfire           |    68 |   109 ||   177
         Beastly Appendage |     3 |       ||     3
         Scorch            |     2 |    14 ||    16
    Use: Scroll            |       |     2 ||     2
   Stab: Sleeping          |     1 |       ||     1
 Armour: Robe              |     1 |    44 ||    45
  Dodge: Dodged            |    13 |    83 ||    96
